 Dungeon Crawl Stone Soup version 0.21.1-1-g345015f (webtiles) character file.

43 kae the Insei (level 3, -8/26 HPs)
             Began as a Demonspawn Transmuter on May 23, 2018.
             Mangled by a gnoll
             ... wielding a +0 halberd
              (17 damage)
             ... on level 2 of the Dungeon.
             The game lasted 00:01:31 (2343 turns).

kae the Insei (Demonspawn Transmuter)               Turns: 2343, Time: 00:01:33

Health: -8/26      AC:  3    Str: 10    XL:     3   Next: 37%
Magic:  5/6        EV: 12    Int: 14    God:
Gold:   94         SH:  0    Dex: 14    Spells: 3/6 levels left

rFire    . . .     SeeInvis .     - Unarmed
rCold    . . .     Gourm    .   (no shield)
rNeg     . . .     Faith    .   b - +0 robe
rPois    .         Spirit   .   (no helmet)
rElec    .         Reflect  .   (no cloak)
rCorr    .         Harm     .   (no gloves)
MR       .....                  (no boots)
Stlth    +.........             (no amulet)
HPRegen  0.08/turn              (no ring)
MPRegen  0.10/turn              (no ring)

@: appendage (expiring)
A: hooves 1, horns 2, rugged brown scales 1
a: End Transformation


You were on level 2 of the Dungeon.
You were hungry.
You had grown temporary horns.
You visited 1 branch of the dungeon, and saw 2 of its levels.

You collected 94 gold pieces.

Inventory:

Missiles
 a - 10 arrows
Armour
 b - a +0 robe (worn)
Scrolls
 f - a scroll of blinking {unknown}
 g - a scroll of enchant weapon {unknown}
 i - a scroll of identify {unknown}
Potions
 h - a potion of haste {unknown}
Books
 c - a book of Changes

   Spells                             Type                      Level
   a - Beastly Appendage              Transmutation                1
   b - Sticks to Snakes               Transmutation                2
   c - Spider Form                    Transmutation/Poison         3
   d - Ice Form                       Ice/Transmutation            4
   e - Blade Hands                    Transmutation                5
Comestibles
 d - 2 rations


   Skills:
 + Level 1.6 Fighting
 - Level 1.7 Dodging
 * Level 3.2 Unarmed Combat
 + Level 2.2 Spellcasting
 * Level 2.4 Transmutations


You had 3 spell levels left.
You knew the following spells:

 Your Spells              Type           Power        Failure   Level  Hunger
a - Beastly Appendage     Tmut           #.....       9%          1    #......
b - Sticks to Snakes      Tmut           #.......     13%         2    ###....


Dungeon Overview and Level Annotations

Branches:
Dungeon (2/15)

Altars:


Innate Abilities, Weirdness & Mutations

You have large cloven feet.
You are partially covered in rugged brown scales. (AC +1, +3% HP)
You have a pair of horns on your head.


Message History

Your horns disappear.
Your magical contamination has completely faded away.
There is a stone staircase leading up here.
You start resting.
Magic restored.
You start resting.
Casting: Beastly Appendage
Confirm with . or Enter, or press ? or * to list all spells.
You grow a pair of large bovine horns.
The gnoll shouts!
You are feeling hungry.
You see here a club.
Your transformation is almost over.
The gnoll shouts!
The gnoll hits you with a halberd!
There is a stone staircase leading up, spattered with blood here.
The gnoll shouts!
The gnoll hits you with a halberd!
Ouch! That really hurt!
You die...

#... ##
#........###.. #..
### #........# #..#
#. ....
#####..g.....# ....
#. ###..
#.......##.........
.....##.....g.#
.###.
##............# #
..............#
###.....)g....##.
........@........#
#####...)......####
........#.###.##
######.....# .#
............#
.......##.###
.......... .#
#############


You could see 3 gnolls.

Vanquished Creatures
  An adder (D:2)
  A dart slug (D:1)
  A giant cockroach (D:1)
  2 goblins
  3 hobgoblins
  3 kobolds (D:1)
  2 quokkas (D:2)
  5 bats
  3 frilled lizards
  2 rats
23 creatures vanquished.

Vanquished Creatures (collateral kills)
  A gnoll (D:2)
1 creature vanquished.

Grand Total: 24 creatures vanquished

Notes
Turn   | Place    | Note
-------+----------+-------------------------------------------
     0 | D:1      | kae the Demonspawn Transmuter began the quest for the Orb.
     0 | D:1      | Reached XP level 1. HP: 15/15 MP: 3/3
   544 | D:1      | Gained mutation: You have large cloven feet. [demonic ancestry]
   544 | D:1      | Reached XP level 2. HP: 21/21 MP: 5/5
   548 | D:1      | Learned a level 2 spell: Sticks to Snakes
   703 | D:1      | Reached skill level 3 in Unarmed Combat
  1894 | D:2      | Gained mutation: You are partially covered in rugged brown scales. (AC +1, +3% HP) [demonic ancestry]
  1894 | D:2      | Reached XP level 3. HP: 8/26 MP: 3/6
  2343 | D:2      | Mangled by a gnoll

Skill      XL: |  1  2 |
---------------+-------+-----
Transmutations | 2 |  2.4
Unarmed Combat | 3 |  3.2
Fighting       | |  1.6
Dodging        | |  1.7
Spellcasting   | |  2.2

Action                   || total
-------------------------++-------
Melee: Unarmed           ||   107
       Punch             ||     4
       Headbutt          ||     2
       Kick              ||    16
 Cast: Beastly Appendage ||     8
       Sticks to Snakes  ||     2
  Use: Potion            ||     1
  Eat: Ration            ||     1
       Chunk             ||     1
Armor: Robe              ||    27
Dodge: Dodged            ||    66
